 Dungeon Sprint DCSS version 0.20-a0-556-g892c87b (webtiles) character file.

22481 Borgoz the Tortoise (level 12, -3/132 HPs)
             Began as a Deep Dwarf Berserker on Feb 5, 2017.
             Was the Champion of Trog.
             Killed by the raging water
             ... invoked by a water nymph
              (19 damage)
             ... in the Dungeon (Sprint IX: "|||||||||||||||||||||||||||||").
             The game lasted 00:09:49 (1893 turns).

Borgoz the Tortoise (Deep Dwarf Berserker)          Turns: 1893, Time: 00:09:51

Health: -3/132     AC: 24    Str: 28    XL:     12   Next: 63%
Magic:  12/12      EV: 20    Int:  9    God:    Trog [******]
Gold:   1671       SH:  0    Dex: 15    Spells: 11/11 levels left

rFire    + . .     SeeInvis .   b - +10 morningstar of Ytoterut {drain, rF+}
rCold    . . .     Gourm    .   r - +1 chain mail
rNeg     . . .     Faith    .   (no shield)
rPois    .         Spirit   .   p - +0 helmet
rElec    .         Reflect  .   J - +1 cloak
rCorr    .         Harm     .   q - +0 pair of gloves
MR       +....     NoTele   +   H - +1 pair of boots
Stlth    ..........             (no amulet)
Regen    0.0/turn               t - +3 ring of strength
                                s - +3 ring of strength

@: lethally poisoned (-3 -> -24), non-regenerating
A: damage resistance, recharge devices, sense surroundings 2, slow regeneration
3
a: Heal Wounds, Berserk, Trog's Hand, Brothers in Arms, Burn Spellbooks,
Renounce Religion


You were in the Dungeon.
You worshipped Trog.
Trog was exalted by your worship.
You were not hungry.

You visited 1 branch You collected 1914 gold pieces.
You spent 243 gold pieces at shops.

Inventory:

Hand Weapons
 a - a +1 broad axe of chopping
 b - the +10 morningstar of Ytoterut (weapon) {drain, rF+}
   (You bought it in a shop in the Dungeon)

   A truly terrible weapon, it drains the life of those it strikes.
   It protects you from fire.
 y - the +6 battleaxe of the Shrike {flame, Str+3}
   (Trog gifted it to you in the Dungeon)

   It has been specially enchanted to burn those struck by it, causing extra
   injury to most foes and up to half again as much damage against particularly
   susceptible opponents.
   Big, fiery blades are also staple armaments of hydra-hunters.
   It affects your strength (+3).
Armour
 p - a +0 helmet (worn)
 q - a +0 pair of gloves (worn)
 r - a +1 chain mail (worn)
 H - a +1 pair of boots (worn)
 I - a +1 large shield
 J - a +1 cloak (worn)
Jewellery
 s - a +3 ring of strength (left hand)
 t - a +3 ring of strength (right hand)
 E - an uncursed ring of fire
 F - an uncursed ring of protection from cold
 G - an uncursed ring of protection from magic
Wands
 m - a wand of iceblast (7/15)
Scrolls
 i - 2 scrolls of blinking
 l - 3 scrolls of remove curse
 u - 2 scrolls of enchant weapon
 v - 6 scrolls of recharging
 w - 3 scrolls of enchant armour
 x - 2 scrolls of fog
 L - a scroll of identify
 M - a scroll of fear
Potions
 d - 8 potions of curing
 e - a potion of invisibility
 f - a potion of haste
 g - 4 potions of magic
 h - a potion of berserk rage
 j - a potion of brilliance {unknown}
 k - 6 potions of heal wounds
 n - 2 potions of might
 o - a potion of cure mutation
 C - a potion of flight {unknown}
 K - a potion of resistance
Comestibles
 c - 13 bread rations
 z - 40 fruits
 A - 12 meat rations
 B - a chunk of flesh


   Skills:
 + Level 15.2 Fighting
 - Level 15.4(16.3) Axes
 + Level 9.0(12.7) Maces & Flails
 + Level 17.5 Armour
 + Level 17.4 Dodging


You had 11 spell levels left.
You didn't know any spells.

Dungeon Overview and Level Annotations

Branches:
Dungeon (1/1)

Altars:
Cheibriados
Dithmenos
Elyvilon
Fedhas
Gozag
Hepliaklqana
Kikubaaqudgha
Makhleb
Nemelex Xobeh
Okawaru
Qazlal
Ru
Sif Muna
Trog
Uskayaw
Vehumet
Xom
Yredelemnul
Zin
The Shining One
Beogh
Jiyva
Lugonu

Shops:
D ([:(


Innate Abilities, Weirdness & Mutations

You are resistant to damage.
You can recharge devices by infusing magical energy.
You passively map the area around you.
You do not regenerate.


Message History

The water nymph misses you.
Your unstable footing causes you to fumble your attack.
You feel very sick.
You bludgeon the water nymph!!
The water nymph is heavily wounded.
You feel very sick.
The water nymph points at you and mumbles some strange words.
The water swirls and strikes you!
* * * LOW HITPOINT WARNING * * *
Your unstable footing causes you to fumble your attack.
* * * LOW HITPOINT WARNING * * *
You feel very sick. The water nymph barely misses you.
You puncture the water nymph!
The water nymph is severely wounded.
* * * LOW HITPOINT WARNING * * *
You feel very sick.
The water nymph gestures at you while chanting.
The water swirls and strikes you!
You die...

, , * , *,
▓.▓.▓.▓.▓.▓.▓.▓_ ,
,
▓.▓.▓)▓.▓.▓.▓.▓.▓_
+ , ,*
,▓.▓.▓)▓.▓)▓.▓†▓.▓_
, * ,* *
▓c▓)▓)▓.▓)▓.▓)▓.▓_
, *
▓m▓.▓)▓.▓)▓.▓.▓.▓_
*, ,
,▓H▓.▓)▓.▓.▓.▓.▓.▓_
*,* *
▓c▓.▓)▓.▓)▓.▓.▓.▓_
* ,* *
▓m▓.▓)▓.▓.▓.▓.▓.▓'
* *
▓@▓.▓)▓.▓)▓.▓(▓.▓.
, , *
▓.▓.▓.▓.▓)▓.▓(▓.▓.
*, ,*,*,
▓.▓.▓.▓.▓)▓)▓.▓.▓.
, , ,
▓.▓.▓=▓.▓.▓.▓.▓.▓.
, *,*
▓.▓.▓.▓.▓.▓.▓.▓.▓.
,
▓.▓.▓.▓.▓.▓.▓.▓.▓)
*,
▓.▓.▓'▓.▓.▓.▓.▓.▓.
, , *
▓.▓.▓.▓.▓.▓.▓.▓.▓.
, ,*
▓.▓.▓.▓.▓.▓.▓'▓.▓.


You could see a satyr, a merfolk, a manticore, a water nymph and a centaur.

Vanquished Creatures
  Frances (D)
  Kirke (D)
  A frost giant (D)
  A very ugly thing (D)
  A fire dragon (D)
  A rakshasa (D)
  Harold (D)
  A centaur warrior (D)
  An ogre mage (D)
  Urug (D)
  2 sea snakes (D)
  An unseen horror (D)
  9 orc sorcerers (D)
  A cyclops (D)
  A manticore (D)
  A black mamba (D)
  A gargoyle (D)
  2 rime drakes (D)
  An efreet (D)
  A meliai (shapeshifter) (D)
  5 polar bears (D)
  A troll (D)
  A merfolk (D)
  A wind drake (shapeshifter) (D)
  A hippogriff (D)
  2 wyverns (D)
  2 yaks (D)
  Grum (D)
  A basilisk (D)
  A swamp worm (shapeshifter) (D)
  4 water moccasins (D)
  4 porcupines (D)
  4 black bears (D)
  11 orc warriors (D)
  An ogre (D)
  2 wolves (D)
  A crocodile (D)
  2 bullfrogs (D)
  A scorpion (D)
  3 crimson imps (D)
  A jelly (D)
  4 orc priests (D)
  An iguana (D)
  5 orc wizards (D)
  An adder (D)
  A shadow imp (D)
  An adder skeleton (D)
  An adder zombie (D)
  A leopard gecko (D)
  10 orcs (D)
  A bat skeleton (D)
  A jackal (D)
  2 kobolds (D)
  A bat (D)
  A frilled lizard (D)
111 creatures vanquished.

Notes
Turn   | Place    | Note
-------+----------+-------------------------------------------
     0 | D        | Borgoz the Deep Dwarf Berserker began the quest for the Orb.
     0 | D        | Reached XP level 1. HP: 20/20 MP: 1/1
     8 | D        | Reached ** piety under Trog
    28 | D        | Noticed a crimson imp
    28 | D        | Noticed a scorpion
    28 | D        | Noticed an ogre
    28 | D        | Noticed a crimson imp
    33 | D        | Reached XP level 2. HP: 28/28 MP: 2/2
    37 | D        | HP: 1/42 [ogre/giant club (26)]
    38 | D        | Killed an ogre
    38 | D        | Reached *** piety under Trog
    38 | D        | Reached skill level 5 in Axes
    38 | D        | Reached skill level 5 in Armour
    38 | D        | Reached skill level 5 in Dodging
    38 | D        | Reached XP level 3. HP: 1/38 MP: 3/3
    38 | D        | Reached XP level 4. HP: 1/45 MP: 4/4
    40 | D        | Reached skill level 5 in Fighting
    40 | D        | Reached XP level 5. HP: 3/52 MP: 5/5
    99 | D        | Found a roughly hewn altar of Beogh.
    99 | D        | Found a snail-covered altar of Cheibriados.
    99 | D        | Found a shadowy altar of Dithmenos.
    99 | D        | Found a white marble altar of Elyvilon.
    99 | D        | Found a blossoming altar of Fedhas.
    99 | D        | Found an opulent altar of Gozag.
   100 | D        | Found a hazy altar of Hepliaklqana.
   101 | D        | Found a viscous altar of Jiyva.
   102 | D        | Found an ancient bone altar of Kikubaaqudgha.
   103 | D        | Found a corrupted altar of Lugonu.
   104 | D        | Found a burning altar of Makhleb.
   105 | D        | Found a sparkling altar of Nemelex Xobeh.
   106 | D        | Found an iron altar of Okawaru.
   107 | D        | Found a stormy altar of Qazlal.
   108 | D        | Found a sacrificial altar of Ru.
   109 | D        | Found a deep blue altar of Sif Muna.
   110 | D        | Found a bloodstained altar of Trog.
   111 | D        | Found a hide-covered altar of Uskayaw.
   112 | D        | Found a radiant altar of Vehumet.
   113 | D        | Found a shimmering altar of Xom.
   114 | D        | Found a basalt altar of Yredelemnul.
   115 | D        | Found a glowing silver altar of Zin.
   116 | D        | Found a glowing golden altar of the Shining One.
   281 | D        | Noticed a wyvern
   286 | D        | Reached **** piety under Trog
   297 | D        | Killed a wyvern
   297 | D        | Reached ***** piety under Trog
   297 | D        | Reached XP level 6. HP: 56/66 MP: 6/6
   313 | D        | Noticed a yak
   313 | D        | Noticed a cyclops
   325 | D        | Killed a cyclops
   325 | D        | Reached XP level 7. HP: 74/74 MP: 7/7
   333 | D        | Killed a yak
   333 | D        | Reached skill level 10 in Axes
   461 | D        | Noticed a rime drake
   461 | D        | Noticed a basilisk
   461 | D        | Noticed a yak
   470 | D        | Received a gift from Trog
   470 | D        | Reached skill level 10 in Armour
   470 | D        | Reached XP level 8. HP: 64/82 MP: 8/8
   473 | D        | Reached skill level 10 in Dodging
   479 | D        | Noticed a rime drake
   493 | D        | Killed a rime drake
   510 | D        | Received a gift from Trog
   512 | D        | Killed a rime drake
   512 | D        | Gained mutation: You passively map the area around you. [Deep Dwarf growth]
   512 | D        | Reached XP level 9. HP: 55/93 MP: 9/9
   528 | D        | Noticed a polar bear
   536 | D        | Killed a polar bear
   536 | D        | Reached skill level 10 in Fighting
   565 | D        | Noticed a black mamba
   570 | D        | Killed a black mamba
   579 | D        | Reached ****** piety under Trog
   591 | D        | Received a gift from Trog
   607 | D        | Got a brightly glowing battleaxe {god gift}
   608 | D        | Identified the +6 battleaxe of the Shrike {flame, Str+3} (Trog gifted it to you in the Dungeon)
   668 | D        | Noticed a polar bear
   668 | D        | Noticed a polar bear
   668 | D        | Noticed a polar bear
   672 | D        | Noticed a polar bear
   673 | D        | Killed a polar bear
   676 | D        | Killed a polar bear
   676 | D        | Reached XP level 10. HP: 93/105 MP: 10/10
   682 | D        | Received a gift from Trog
   754 | D        | Noticed Urug
   767 | D        | Killed Urug
   841 | D        | Noticed Harold
   849 | D        | Killed Harold
   872 | D        | Noticed Grum
   879 | D        | Killed Grum
   922 | D        | Received a gift from Trog
   947 | D        | Received a gift from Trog
  1027 | D        | Received a gift from Trog
  1070 | D        | Found Xaecat Jixo's Antique Weapon Boutique.
  1070 | D        | Noticed an orc sorcerer
  1070 | D        | Noticed an orc sorcerer
  1070 | D        | Noticed an orc sorcerer
  1072 | D        | Noticed an orc sorcerer
  1077 | D        | Noticed an orc sorcerer
  1078 | D        | Killed an orc sorcerer
  1078 | D        | Reached XP level 11. HP: 115/115 MP: 11/11
  1079 | D        | Found Qiakal's Book Shop.
  1079 | D        | Noticed a soul eater
  1082 | D        | Killed an orc sorcerer
  1082 | D        | Received a gift from Trog
  1084 | D        | Killed an orc sorcerer
  1085 | D        | Noticed a sixfirhy
  1088 | D        | Noticed a sun demon
  1091 | D        | Found Nooconko's Armour Boutique.
  1094 | D        | Killed an orc sorcerer
  1094 | D        | Received a gift from Trog
  1100 | D        | Killed an orc sorcerer
  1100 | D        | Reached skill level 15 in Axes
  1104 | D        | Noticed an orc sorcerer
  1105 | D        | Found Meupn's Antique Weapon Shop.
  1105 | D        | Noticed an orc sorcerer
  1106 | D        | Noticed an orc sorcerer
  1110 | D        | Killed an orc sorcerer
  1110 | D        | Reached skill level 15 in Armour
  1111 | D        | Noticed an orc sorcerer
  1113 | D        | Noticed an orc sorcerer
  1115 | D        | Killed an orc sorcerer
  1115 | D        | Received a gift from Trog
  1115 | D        | Reached skill level 15 in Dodging
  1127 | D        | Noticed a sun demon
  1127 | D        | Killed an orc sorcerer
  1128 | D        | an orc sorcerer changed into a swamp worm
  1151 | D        | Killed an orc sorcerer
  1207 | D        | Bought a twisted morningstar for 243 gold pieces
  1241 | D        | Identified the +10 morningstar of Ytoterut {drain, rF+} (You bought it in a shop in the Dungeon)
  1414 | D        | Reached skill level 1 in Maces & Flails
  1420 | D        | Received a gift from Trog
  1421 | D        | Killed an unseen horror
  1430 | D        | Noticed a centaur warrior
  1431 | D        | Noticed a purple very ugly thing
  1433 | D        | Noticed an ogre mage
  1435 | D        | Noticed a rakshasa
  1439 | D        | Noticed a fire dragon
  1443 | D        | Killed a purple very ugly thing
  1451 | D        | Killed a centaur warrior
  1451 | D        | Reached skill level 5 in Maces & Flails
  1474 | D        | Killed a rakshasa
  1474 | D        | Received a gift from Trog
  1474 | D        | Reached XP level 12. HP: 22/128 MP: 12/12
  1485 | D        | Killed an ogre mage
  1488 | D        | Noticed a frost giant
  1501 | D        | Killed a fire dragon
  1502 | D        | HP: 6/129 [frost giant/battleaxe of freezing (22)]
  1502 | D        | HP: 2/129 [frost giant/battleaxe of freezing (4)]
  1507 | D        | Killed a frost giant
  1507 | D        | Received a gift from Trog
  1690 | D        | Noticed Frances
  1693 | D        | Noticed Kirke
  1701 | D        | Killed Frances
  1783 | D        | Killed Kirke
  1783 | D        | Reached skill level 15 in Fighting
  1877 | D        | Noticed a satyr
  1881 | D        | Received a gift from Trog
  1893 | D        | Killed from afar by a water nymph

Vault maps used:
D:        linesprint

Skill      XL: |  1  2  3  4  5  6  7  8  9 10 11 12 |
---------------+-------------------------------------+-----
Fighting       | 3 4 5 7 8 9 11 12 14 15 | 15.2
Armour         | 3 5 8 9 10 11 12 14 16 17 | 17.5
Axes           | 4 5 6 8 9 10 11 13 14 15 | 15.4
Dodging        | 5 7 9 11 12 14 16 17 | 17.4
Maces & Flails | 5 9 |  9.0

Action                   |  1- 3 |  4- 6 |  7- 9 | 10-12 || total
-------------------------+-------+-------+-------+-------++-------
Melee: Hand axe          |    26 |    35 |       |       ||    61
       Broad axe         |       |    27 |    96 |       ||   123
       Battleaxe         |       |       |     8 |   158 ||   166
       Morningstar       |       |       |       |   124 ||   124
       Unarmed           |       |       |       |    12 ||    12
Invok: Trog's Hand       |     1 |     3 |     5 |    12 ||    21
       Berserk           |     1 |     1 |       |     2 ||     4
 Abil: Heal Wounds       |       |       |       |     3 ||     3
  Use: Potion            |       |     1 |       |     3 ||     4
  Eat: Chunk             |       |       |     5 |    11 ||    16
Armor: Animal skin       |     3 |     4 |       |       ||     7
       Chain mail        |       |     8 |    43 |    88 ||   139
Dodge: Dodged            |    14 |    41 |    80 |   165 ||   300
